 Dungeon Crawl Stone Soup version 0.27.1 (webtiles) character file.

Game seed: 8963468018845510647

42 sanka the Unweaver (level 3, -2/31 HPs)
             Began as a Palentonga Abyssal Knight on Aug 26, 2021.
             Was a Follower of Lugonu.
             Slain by Terence (8 damage)
             ... on level 2 of the Dungeon.
             The game lasted 00:02:20 (1463 turns).

sanka the Unweaver (Palentonga Abyssal Knight)      Turns: 1463, Time: 00:02:21

Health: -2/31      AC:  4    Str: 16    XL:     3   Next: 33%
Magic:  6/6        EV:  9    Int: 12    God:    Lugonu [*.....]
Gold:   23         SH:  0    Dex:  9    Spells: 2/2 levels left

rFire    . . .     SeeInvis +   a - +1 hand axe
rCold    . . .     Faith    .   (no shield)
rNeg     . . .     Spirit   .   b - +0 leather armour
rPois    .         Reflect  .   (no helmet)
rElec    .         Harm     .   (no cloak)
rCorr    .         Rampage  .   (no gloves)
Will     .....                  (no barding)
Stlth    +.........             (no amulet)
HPRegen  0.10/turn              (no ring)
MPRegen  0.10/turn              (no ring)

@: no status effects
A: large, rugged brown scales 3, see invisible, deformed body, roll 1, armoured
tail
a: Rolling Charge, Renounce Religion, Depart the Abyss


You were on level 2 of the Dungeon.
You worshipped Lugonu.
Lugonu was aware of your devotion.
You visited 1 branch of the dungeon, and saw 2 of its levels.
You visited the Abyss 1 time.

You collected 23 gold pieces.


Innate Abilities, Weirdness & Mutations

You are completely covered in rugged brown scales. (AC +3, +7% HP)
You have supernaturally acute eyesight. (SInv)
Armour fits poorly on your strangely shaped body.
You can roll at nearby foes to attack.
You have a long armoured tail.


   Skills:
 - Level 3.0 Fighting
 - Level 2.0 Axes
 - Level 1.5 Armour
 - Level 0.7 Dodging
 + Level 4.1 Invocations


You had 2 spell levels left.
You didn't know any spells.
Your spell library contained the following spells:

 Spells                   Type           Power      Damage    Failure   Level
 Summon Small Mammal      Summ           0%         N/A       38%         1
 Slow                     Hex            0%         N/A       52%         2
 Call Canine Familiar     Summ           0%         N/A       77%         3
 Confusing Touch          Hex            0%         N/A       77%         3
 Summon Guardian Golem    Hex/Summ       0%         N/A       77%         3
 Vampiric Draining        Necr           0%         2d6       77%         3
 Dispersal                Tloc           0%         N/A       100%        6
 Disjunction              Tloc           0%         N/A       100%        8

Inventory:

Hand Weapons
 a - a +1 hand axe (weapon)
Armour
 b - a +0 leather armour (worn)
 c - a +0 buckler
Scrolls
 d - 2 scrolls of teleportation {unknown}
 e - a scroll of summoning {unknown}
 f - a scroll of torment {unknown}
 g - a scroll of fear {unknown}
Potions
 h - a potion of heal wounds {unknown}

Dungeon Overview and Level Annotations

Branches:
Dungeon (2/15)

Altars:

Shops:
D:1 *

Annotations:
D:2 Terence

.......w............. ▒.
▒................. ▒.
▒▒................ ▒.
▒S......(...▒..
▒▒▒▒▒▒.▒▒▒.!..▒....▒▒▒.▒
▒.......▒▒....▒.▒▒.▒ ▒.▒
▒£......▒▒▒.....▒▒.▒▒▒.▒ ▒▒.
▒.......▒▒▒.▒▒▒▒▒▒.....▒▒....▒
▒......<..bS@H........>...▒ .▒
▒.......▒▒▒.▒▒▒▒▒▒▒▒▒).▒▒▒▒▒..
▒.......▒ ▒.▒ ▒......÷.....▒
▒?£.....▒ ▒.▒ ....▒▒.........▒
▒.......▒ ..▒ .▒ ▒.....▒.▒▒▒
▒.......▒ ... ▒.......▒
▒▒▒▒▒▒▒▒▒▒▒▒▒ ▒.....▒▒▒
▒▒▒▒▒▒▒......▒ ▒▒
▒..........▒†▒ ▒.


You could see Terence, an adder and a bat.


Message History

Terence bares his teeth.
Search for what [Enter for "."]? trap Can't find anything matching that.
Terence says, "How do you enjoy it?" Terence says, "Did you write a will?
You should..."
There is a stone staircase leading down here.
Terence barely misses you.
You climb downwards.
The bat hits you but does no damage. The adder bites you but does no damage.
The adder barely misses you.
Found 16 gold pieces and a scroll labelled BACODUCEYB.
There is a stone staircase leading up here.
Unknown command.
The bat hits you but does no damage. The adder misses you. The adder bites you.
* * * LOW HITPOINT WARNING * * *
You are poisoned.
The adder poisons you!
You feel sick.
You feel sick.
A ball python comes into view.
You feel sick.
The ball python hisses angrily.
You feel sick.
You feel sick.
You are no longer poisoned.
Terence hits you with a +0 flail!
You die...

Action                   || total
-------------------------++-------
Melee: Hand axe          ||    37
       Tailslap          ||     5
Invok: Depart the Abyss  ||     1
 Abil: Rolling Charge    ||     2
Armor: Leather armour    ||    18
Dodge: Dodged            ||    13

Levels and vault maps discovered:
D:1:      minmay_arrival_doors, layout_basic, serial_shops,
          nicolae_shop_overgrown_old_shop
D:2:      layout_rooms, uniq_natasha, uniq_terence

Notes
Turn   | Place    | Note
-------+----------+-------------------------------------------
     0 | Abyss:1  | sanka the Palentonga Abyssal Knight began the quest for the
                  | Orb.
     0 | Abyss:1  | Reached XP level 1. HP: 19/19 MP: 2/2
    49 | Abyss:1  | Noticed a shadow demon
    53 | D:1      | Escaped the Abyss
   248 | D:1      | Found Siet Loc's Assorted Antiques.
   636 | D:1      | Reached XP level 2. HP: 24/25 MP: 4/4
   721 | D:1      | Reached skill level 3 in Invocations
  1009 | D:2      | Noticed Natasha
  1249 | D:2      | Killed Natasha
  1250 | D:2      | Reached skill level 4 in Invocations
  1250 | D:2      | Reached XP level 3. HP: 31/31 MP: 4/6
  1255 | D:2      | Reached * piety under Lugonu
  1393 | D:2      | Noticed Terence
  1463 | D:2      | Slain by Terence

Vanquished Creatures
  Natasha (D:2)
  A worm (D:2)
  A dart slug (D:1)
  A goblin (D:1)
  2 hobgoblins (D:1)
  3 frilled lizards (D:1)
  3 kobolds
  A rat (D:2)
13 creatures vanquished.
